 Dungeon Crawl Stone Soup version 0.18.1-48-g4cf74bf (webtiles) character file.

127 Alarkh the Poker (level 4, 0/33 HPs)
             Began as a Mummy Skald on July 31, 2016.
             Slain by a scorpion (5 damage)
             ... on level 4 of the Dungeon.
             The game lasted 00:03:23 (2612 turns).

Alarkh the Poker (Mummy Skald)                      Turns: 2612, Time: 00:03:23

Health: 0/33       AC:  3    Str: 15    XL:     4   Next: 85%
Magic:  4/7        EV: 11    Int: 12    God:
Gold:   65         SH:  0    Dex: 11    Spells: 3 memorised, 1 level left

rFire  x . .     SeeInvis .     a - +0 trident
rCold  + . .     Gourm    .     b - +0 leather armour
rNeg   + + +     Faith    .     (no shield)
rPois  ∞         Spirit   .     (no helmet)
rElec  .         Dismiss  .     (no cloak)
rCorr  .         Reflect  .     (no gloves)
SustAt .         Harm     .     (no boots)
MR     .....                    (no amulet)
Stlth  +.........               (no ring)
                                (no ring)

@: infused, not resistant to hostile enchantments, very unstealthy
A: no food or potions, fire vulnerability, cold resistance 1, negative energy
resistance 3, torment resistance, unbreathing
a: no special abilities


You were on level 4 of the Dungeon.
You were not hungry.

You visited 1 branch of the dungeon, and saw 4 of its levels.

You collected 65 gold pieces.

Inventory:

Hand Weapons
 a - a +0 trident (weapon)
 j - a +0 spear
Armour
 b - a +0 leather armour (worn)
Jewellery
 h - an uncursed ring of teleportation
Wands
 k - a wand of confusion (11/48)
Scrolls
 d - a scroll of amnesia {unknown}
 e - a scroll of fear {unknown}
 f - 2 scrolls of remove curse
 g - a scroll of identify {unknown}
 i - a scroll of teleportation
 l - a scroll of blinking {unknown}
Books
 c - a book of Battle

   Spells                             Type                      Level
   a - Infusion                       Charms                       1
   b - Shroud of Golubria             Charms/Translocation         2
   c - Song of Slaying                Charms                       2
   d - Spectral Weapon                Hexes/Charms                 3
   e - Regeneration                   Charms/Necromancy            3


   Skills:
 - Level 2.0 Fighting
 + Level 4.2 Polearms
 - Level 0.7 Armour
 - Level 0.7 Dodging
 - Level 2.0 Spellcasting
 - Level 2.4 Charms


You had one spell level left.
You knew the following spells:

 Your Spells              Type           Power        Failure   Level  Hunger
a - Infusion              Chrm           #...         14%         1    N/A
b - Shroud of Golubria    Chrm/Tloc      #.........   34%         2    N/A
c - Spectral Weapon       Hex/Chrm       #.......     69%         3    N/A

Dungeon Overview and Level Annotations

Branches:
Dungeon (4/15)
 Temple: D:4-7

Altars:
Kikubaaqudgha
The Shining One


Innate Abilities, Weirdness & Mutations

You do not eat or drink.
Your flesh is vulnerable to fire.
You are immune to poison.
Your flesh is cold resistant.
You are immune to negative energy.
You are immune to unholy pain and torment.
You can survive without breathing.


Message History

The scorpion is severely wounded.
The scorpion stings you.
* * * LOW HITPOINT WARNING * * *
You barely miss the scorpion.
The scorpion is severely wounded.
The scorpion stings you.
* * * LOW HITPOINT WARNING * * *
You barely miss the scorpion.
The scorpion is severely wounded.
The scorpion completely misses you.
You closely miss the scorpion.
The scorpion is severely wounded.
The scorpion stings you but does no damage.
You closely miss the scorpion.
The scorpion is severely wounded.
The scorpion stings you but does no damage.
You completely miss the scorpion.
The scorpion is severely wounded.
The scorpion stings you.
You die...

#).....#
##......#
........#
.......#
#######......#
#....##......#
#....##......#
#....# #s#
#....###@###
#..........###
#.............#
#..........#.##
#.##.......# #
#.##.......#
#.##.......#
#.##.......#
#.##.......#


You could see a scorpion.

Vanquished Creatures
  4 adders (D:2)
  An ooze (D:4)
  2 dart slugs
  5 giant geckos
  7 orcs
  12 bats
  2 giant cockroaches (D:1)
  3 goblins
  3 hobgoblins (D:1)
  10 jackals
  2 quokkas (D:2)
  2 giant newts
  7 kobolds
  10 rats
  A plant (D:2)
71 creatures vanquished.

Notes
Turn   | Place    | Note
--------------------------------------------------------------
     0 | D:1      | Alarkh the Mummy Skald began the quest for the Orb.
     0 | D:1      | Reached XP level 1. HP: 16/16 MP: 3/3
   151 | D:1      | Reached skill level 2 in Polearms
   222 | D:1      | Reached XP level 2. HP: 19/22 MP: 3/5
   670 | D:1      | Reached XP level 3. HP: 16/27 MP: 0/6
  1049 | D:2      | Reached skill level 3 in Polearms
  1423 | D:2      | Reached XP level 4. HP: 33/33 MP: 3/7
  1657 | D:2      | Found a glowing golden altar of the Shining One.
  1886 | D:3      | Reached skill level 4 in Polearms
  2044 | D:2      | Learned a level 2 spell: Shroud of Golubria
  2048 | D:2      | Learned a level 3 spell: Spectral Weapon
  2552 | D:4      | Found an ancient bone altar of Kikubaaqudgha.
  2612 | D:4      | Slain by a scorpion

Skill      XL: |  1  2  3  4 |
---------------+-------------+-----
Polearms       | 2 3 4 |  4.2
Fighting       | |  2.0
Armour         | |  0.7
Dodging        | |  0.7
Spellcasting   | |  2.0
Charms         | |  2.4

Action                   |  1- 3 |  4- 6 || total
-------------------------+-------+-------++-------
Melee: Spear             |   149 |   118 ||   267
       Trident           |       |    25 ||    25
 Cast: Infusion          |    23 |    15 ||    38
  Use: Scroll            |     1 |     1 ||     2
Armor: Leather armour    |    34 |    26 ||    60
Dodge: Dodged            |    97 |    49 ||   146
